 Dungeon Crawl Stone Soup version 0.27.1-3-gb3d3a73c9e (webtiles) character file.

Game seed: 305039018447802706

1957 barney the Transmogrifier (level 8, -3/66 HPs)
             Began as a Grey Draconian Transmuter on Oct 6, 2021.
             Slain by a two-headed ogre (24 damage)
             ... on level 6 of the Dungeon.
             The game lasted 00:11:01 (9691 turns).

barney the Transmogrifier (DrTm)                    Turns: 9691, Time: 00:11:01

Health: -3/66      AC:  2    Str: 13    XL:     8   Next: 99%
Magic:  0/11       EV: 19    Int: 15    God:
Gold:   315        SH:  0    Dex: 17    Spells: 5/11 levels left

rFire    . . .     SeeInvis .     - Unarmed
rCold    . . .     Faith    .   (shield currently unavailable)
rNeg     . . .     Spirit   +   (armour unavailable)
rPois    x         Reflect  .   (helmet currently unavailable)
rElec    .         Harm     .   (cloak currently unavailable)
rCorr    .         Rampage  .   (gloves currently unavailable)
Will     +....                  (boots currently unavailable)
Stlth    ++........             j - amulet of guardian spirit
HPRegen  0.21/turn              e - ring of willpower
MPRegen  0.12/turn              h - ring of wizardry

@: spider-form
A: venomous fangs, AC +11, (amphibious), tiny, unfitting armour, (cold-blooded)
a: End Transformation


You were on level 6 of the Dungeon.
You were a venomous arachnid creature.
You visited 1 branch of the dungeon, and saw 6 of its levels.

You collected 315 gold pieces.

Inventory:

Hand Weapons
 g - a +2 whip of draining
 n - a +5 quarterstaff of chaos (melded)
 u - a +1 short sword of distortion
 v - a +2 short sword of venom
Armour
 q - a +0 cloak (melded)
Jewellery
 e - a ring of willpower (left front leg)
 h - a ring of wizardry (right front leg)
 j - an amulet of guardian spirit (around neck)
Wands
 c - a wand of charming (8)
 t - a wand of flame (15)
Scrolls
 f - 2 scrolls of enchant weapon
 i - a scroll of fog
 k - a scroll of identify
 l - a scroll of immolation
Potions
 a - a potion of brilliance
 o - 2 potions of resistance {unknown}
 w - 3 potions of ambrosia {unknown}
 x - a potion of flight {unknown}


   Skills:
 + Level 3.7 Fighting
 - Level 1.7 Dodging
 * Level 5.6 Unarmed Combat
 - Level 2.0 Spellcasting
 - Level 10.3 Transmutations


You had 5 spell levels left.
You knew the following spells:

 Your Spells              Type           Power      Damage    Failure   Level
a - Beastly Appendage     Tmut           64%        N/A       1%          1
b - Spider Form           Tmut/Pois      8%         N/A       9%          3
c - Wereblood             Tmut           32%        N/A       1%          2

Your spell library contained the following spells:

 Spells                   Type           Power      Damage    Failure   Level
 Magic Dart               Conj           4%         1d3       19%         1
 Ice Form                 Ice/Tmut       16%        N/A       21%         4
 Searing Ray              Conj           2%         3d3       26%         2
 Fulminant Prism          Conj/Hex       0%         3d6       77%         4


Dungeon Overview and Level Annotations

Branches:
Dungeon (6/15)
 Temple: D:4-7

Altars:
Cheibriados
Ru

Annotations:
D:4 2 transporters, fortune76's ghost, novice GnMo


Innate Abilities, Weirdness & Mutations

You are a venomous arachnid creature.
You have poisonous fangs.
You are tiny and dextrous.
Your spellcasting is less reliable in this form.
Your armour is entirely melded.
You are incapable of wielding weapons or throwing items.
((Your dull iron-grey scales are very hard. (AC +11)))
((You are amphibious.))
You cannot fit into any form of body armour.
((You are cold-blooded and may be slowed by cold attacks.))


Message History

Unknown command.
It was a potion of invisibility.
You fade into invisibility!
The centaur zombie barely misses you. x2
The centaur zombie hits you but does no damage.
The centaur zombie barely misses you.
You are very lightly contaminated with residual magic.
The two-headed ogre closely misses you. x2
You flicker for a moment.
You see here 7 gold pieces.
You flicker back into view.
As you read the scroll of fear, it crumbles to dust.
You assume a fearsome visage.
The two-headed ogre easily resists.
The two-headed ogre hits you with a +0 giant club!!
The two-headed ogre hits you with a +0 giant club!
Unknown command.
Casting: Spider Form (dangerous; 3% risk of failure)
Confirm with . or Enter, or press ? or * to list all spells.
You turn into a venomous arachnid creature.
Your +5 quarterstaff of chaos melds into your body.
Your +0 cloak melds into your body.
Unknown command.
Okay, then.
You hit the two-headed ogre but do no damage.
The two-headed ogre misses you.
The two-headed ogre hits you with a +0 giant club!
You feel much better.
The two-headed ogre closely misses you. x2
Your magical contamination has completely faded away.
You hit the two-headed ogre.
The two-headed ogre is poisoned.
The two-headed ogre is lightly wounded.
You bite the two-headed ogre!
The two-headed ogre looks as sick as possible!
The two-headed ogre is lightly wounded.
The two-headed ogre barely misses you.
The two-headed ogre hits you with a +0 giant club!
You hit the two-headed ogre but do no damage.
The two-headed ogre looks as sick as possible!
The two-headed ogre is lightly wounded.
The two-headed ogre hits you with a +0 giant club!!
You die...

#..#...#....... ##*
#............#.
*.#*
#..#.....#..##.
*#.*
#..##..#.......
#.###.........#..##
#.......##..#.....#
##......#..........
#.#..........#...#
#s#....#...#.##.##
##O#....##.##......
#..#..........##...
#..#...##.####.....
#..#..###.###....[.
#.##### #..........
#.# ##......... #.#
##......(... #$#
*#...........


You could see a two-headed ogre (extremely poisoned).

Vanquished Creatures
  Prince Ribbit (D:5)
  Sigmund (D:2)
  A tarantella (shapeshifter) (D:5)
  Edmund (D:4)
  Duvessa (D:5)
  A necrophage (D:6)
  2 black bears
  An ogre (D:5)
  A phantom (D:4)
  2 gnoll sergeants (D:5)
  A bullfrog (D:3)
  Dowan (D:5)
  A howler monkey (D:3)
  A gnoll shaman (D:5)
  Crazy Yiuf (D:2)
  A centaur skeleton (D:4)
  2 iguanas
  2 scorpion zombies (D:5)
  8 adders
  18 gnolls
  A white imp (D:5)
  2 dart slugs (D:2)
  5 orcs
  5 bats
  9 endoplasms
  6 giant cockroaches
  7 goblins
  4 hobgoblins
  9 jackals
  4 quokkas
  7 ball pythons
  2 frilled lizards
  9 kobolds
  A quokka skeleton (D:4)
  6 rats
125 creatures vanquished.

Vanquished Creatures (others)
  A fungus (D:2)
1 creature vanquished.

Grand Total: 126 creatures vanquished

Notes
Turn   | Place    | Note
-------+----------+-------------------------------------------
     0 | D:1      | barney the Draconian Transmuter began the quest for the
                  | Orb.
     0 | D:1      | Reached XP level 1. HP: 16/16 MP: 3/3
   104 | D:1      | Found a faded altar of an unknown god.
   159 | D:1      | Reached XP level 2. HP: 19/23 MP: 3/5
   530 | D:1      | Reached skill level 3 in Transmutations
  1158 | D:2      | Reached XP level 3. HP: 27/28 MP: 4/6
  1162 | D:2      | Learned a level 3 spell: Spider Form
  1165 | D:2      | Learned a level 2 spell: Wereblood
  1462 | D:2      | Reached skill level 4 in Transmutations
  2252 | D:2      | Noticed Sigmund
  2266 | D:2      | Killed Sigmund
  2267 | D:2      | Reached skill level 6 in Transmutations
  2267 | D:2      | Reached XP level 4. HP: 28/35 MP: 0/7
  2267 | D:2      | Reached XP level 5. HP: 32/40 MP: 0/8
  2938 | D:2      | Found a runed translucent door.
  2939 | D:2      | Noticed Crazy Yiuf
  2948 | D:2      | Killed Crazy Yiuf
  3139 | D:3      | Reached XP level 6. HP: 47/47 MP: 7/9
  3808 | D:3      | Reached skill level 7 in Transmutations
  4324 | D:3      | Your scales start taking on a dull iron-grey colour.
  4324 | D:3      | Reached XP level 7. HP: 50/52 MP: 7/10
  4396 | D:4      | Found a transporter.
  4401 | D:4      | Noticed fortune76's ghost (novice GnMo)
  4416 | D:4      | Found a transporter.
  4568 | D:4      | Found a snail-covered altar of Cheibriados.
  4594 | D:4      | Reached skill level 8 in Transmutations
  4708 | D:4      | You fall into a shaft and drop 2 floors!
  4719 | D:6      | Noticed a two-headed ogre
  4797 | D:5      | Entered Level 5 of the Dungeon
  4802 | D:5      | Noticed a shapeshifter
  4802 | D:5      | a hound changed into a shapeshifter
  4802 | D:5      | Noticed a tarantella
  4802 | D:5      | a shapeshifter changed into a tarantella
  4808 | D:5      | Killed a tarantella
  5312 | D:4      | Noticed Edmund
  5327 | D:4      | Killed Edmund
  5328 | D:4      | Reached skill level 9 in Transmutations
  5748 | D:5      | Noticed Dowan
  5760 | D:5      | Noticed Duvessa
  5781 | D:5      | Killed Duvessa
  5782 | D:5      | Reached XP level 8. HP: 11/59 MP: 2/11
  6952 | D:5      | Reached skill level 10 in Transmutations
  7893 | D:5      | Killed Dowan
  8362 | D:5      | Found a sacrificial altar of Ru.
  8542 | D:5      | Noticed Prince Ribbit
  8553 | D:5      | Killed Prince Ribbit
  8554 | D:5      | Reached skill level 5 in Unarmed Combat
  9691 | D:6      | Slain by a two-headed ogre

Illustrated notes

Levels and vault maps discovered:
D:1:      minmay_arrival_open_corners, layout_basic,
          hellmonk_ecumenical_altar_lost_god
D:2:      layout_loops_ring, minmay_cut_off, uniq_crazy_yiuf_cottage,
          uniq_sigmund
D:3:      minmay_octagon_keep, layout_loops_cross
D:4:      layout_rooms, cheibriados_altar_1, gammafunk_ghost_stat_death,
          minmay_starry_boxes, uniq_edmund
D:5:      layout_rooms, mainiacjoe_overflow_boulevard, uniq_duvessa,
          uniq_prince_ribbit1
D:6:      layout_cave_pods, hangedman_decor_clover_reticule, minmay_ruffians,
          uniq_menkaure, uniq_grinder

Skill      XL: |  1  2  3  4  5  6  7  8 |
---------------+-------------------------+-----
Transmutations | 3 6 7 9 10 | 10.3
Fighting       | 3 |  3.7
Unarmed Combat | 5 |  5.6
Dodging        | |  1.7
Spellcasting   | |  2.0

Action                   |  1- 3 |  4- 6 |  7- 9 || total
-------------------------+-------+-------+-------++-------
Melee: Unarmed           |   104 |    19 |   127 ||   250
       Kick              |    13 |    10 |     8 ||    31
       Headbutt          |     4 |    12 |     1 ||    17
       Tailslap          |     3 |     5 |    10 ||    18
       Punch             |     1 |       |       ||     1
       Quarterstaff      |       |    68 |    81 ||   149
 Cast: Beastly Appendage |    17 |    11 |     7 ||    35
       Spider Form       |     6 |     2 |    14 ||    22
       Wereblood         |       |       |     7 ||     7
  Use: Potion            |     4 |       |     7 ||    11
       Scroll            |       |       |    10 ||    10
 Stab: Sleeping          |       |     1 |       ||     1
Armor: Skin              |    44 |    31 |   135 ||   210
Dodge: Dodged            |    67 |    81 |   262 ||   410
